 Seeded DCSS version 0.28.0-62-gf88900778d (webtiles) character file.

Game seed: 13591998346360536447 (custom seed)

4 Psyclone the Conjurer (level 1, -4/11 HPs)
             Began as an Octopode Conjurer on Oct 22, 2023.
             Killed from afar by a dart slug (5 damage)
             ... with a slug dart
             ... on level 1 of the Dungeon.
             The game lasted 00:00:04 (90 turns).

Psyclone the Conjurer (Octopode Conjurer)             Turns: 90, Time: 00:00:05

Health: -4/11      AC:  1    Str:  6    XL:     1   Next: 70%
Magic:  3/3        EV: 13    Int: 20    God:
Gold:   0          SH:  0    Dex: 10    Spells: 3/4 levels left

rFire   . . .      SeeInvis .   a - +0 dagger
rCold   . . .      Faith    .   (no shield)
rNeg    . . .      Spirit   .   (helmet restricted)
rPois   .          Reflect  .   (no amulet)
rElec   .          Harm     .   (no ring)
rCorr   .          Rampage  .   (no ring)
Will    .....                   (no ring)
Stlth   +++.......              (no ring)
HPRegen 0.03/turn               (no ring)
MPRegen 0.08/turn               (no ring)
                                (no ring)
                                (no ring)

@: no status effects
A: almost no armour, amphibious, 8 rings, camouflage 1, gelatinous body 1,
(nimble swimmer 1), tentacles
a: no special abilities


You were on level 1 of the Dungeon.
You visited 1 branch of the dungeon, and saw 1 of its levels.

Inventory:

Hand Weapons
 a - a +0 dagger (weapon)


   Skills:
 - Level 2.0 Dodging
 - Level 2.6 Stealth
 - Level 2.0 Spellcasting
 + Level 4.2 Conjurations


You had 3 spell levels left.
You knew the following spells:

 Your Spells              Type           Power      Damage    Failure   Level
a - Magic Dart            Conj           76%        1d6       2%          1

Your spell library contained the following spells:

 Spells                   Type           Power      Damage    Failure   Level
 Searing Ray              Conj           38%        2d5       4%          2
 Dazzling Flash           Conj/Hex       20%        N/A       21%         3
 Fulminant Prism          Conj/Hex       5%         3d7       54%         4
 Iskenderun's Mystic Bla  Conj/Tloc      10%        2d4       54%         4


Dungeon Overview and Level Annotations

Branches:
Dungeon (1/15)

Altars:


Innate Abilities, Weirdness & Mutations

You cannot wear most types of armour.
You are amphibious.
You can wear up to eight rings at the same time.
Your skin changes colour to match your surroundings (Stealth+).
Your rubbery body absorbs attacks. (AC +1, EV +1)
((You are camouflaged when in or above water. (Stealth+)))
You have tentacles for arms and can constrict up to eight enemies at once.


Message History

You constrict the plant. You hit the plant.
The plant is lightly damaged.
You constrict the plant. You hit the plant.
The plant is lightly damaged.
You constrict the plant. You hit the plant but do no damage.
The plant is lightly damaged.
You constrict the plant. You hit the plant.
The plant is lightly damaged.
You constrict the plant.
A nearby plant withers and dies.
You lose your grip on the plant.
You hit the plant but do no damage. You grab the plant.
The plant begins to die.
You tentacle-slap the plant.
The plant is lightly damaged.
You constrict the plant.
You release your grip on the plant.
Found a leather armour.
A hobgoblin comes into view.
Found 25 stones.
A nearby plant withers and dies.
You hit the hobgoblin. You grab the hobgoblin. You squeeze the hobgoblin.
You kill the hobgoblin!
An endoplasm comes into view.
You see here a hobgoblin corpse.
The dart slug launches a dart at you. The slug dart misses you.
The endoplasm freezes you.
You are frozen.
You hit the endoplasm. You squeeze the endoplasm.
The endoplasm is heavily wounded.
The endoplasm hits you. The dart slug launches a dart at you.
The slug dart hits you.
* * * LOW HITPOINT WARNING * * *
You hit the endoplasm. You squeeze the endoplasm.
You kill the endoplasm!
The dart slug launches a dart at you. The slug dart hits you.
You die...

##..♣.....♣....####......
.................. ......
#########.....(.###
(#.... .......†......#
[#.... .###....#.....#
.#.### #...........# .#
#.....w...w.( .#
#.....###.### #....@.#
... #.####.# .## ... .#
... .# .. .# ##


You could see a dart slug.

Vanquished Creatures
  An endoplasm (D:1)
  A hobgoblin (D:1)
  A kobold (D:1)
  A rat (D:1)
4 creatures vanquished.

Vanquished Creatures (others)
  A fungus (D:1)
  2 plants (D:1)
3 creatures vanquished.

Grand Total: 7 creatures vanquished

Notes
Turn   | Place    | Note
-------+----------+-------------------------------------------
     0 | D:1      | Psyclone the Octopode Conjurer began the quest for the Orb.
     0 | D:1      | Reached XP level 1. HP: 11/11 MP: 3/3
    90 | D:1      | Killed from afar by a dart slug

Illustrated notes

Levels and vault maps discovered:
D:1:      wander_arrival_fairy_ring, layout_basic, chequers_serial_rivers_room_a

Action                   || total
-------------------------++-------
Melee: Dagger            ||    13
       Tentacles         ||     7
       Constrict         ||     4
       Punch             ||     1
 Cast: Magic Dart        ||     2
Dodge: Dodged            ||     1
